 Dungeon Crawl Stone Soup version 0.29-a0-553-g81b289dbe5 (webtiles) character file.

Game seed: 12269544075772155831

80 DocClef the Covert (level 4, 0/41 HPs)
             Began as a Gnoll Delver on June 6, 2022.
             Splashed by a jelly's acid (10 damage)
             ... on level 4 of the Dungeon.
             The game lasted 00:00:38 (484 turns).

DocClef the Covert (Gnoll Delver)                    Turns: 484, Time: 00:00:39

Health: 0/41       AC: -4    Str: 13    XL:     4   Next: 39%
Magic:  5/5        EV: 13    Int:  9    God:
Gold:   21         SH:  5    Dex: 14    Spells: 5/5 levels left

rFire   . . .      SeeInvis .   a - +0 short sword
rCold   . . .      Faith    .   (no shield)
rNeg    . . .      Spirit   .   b - +0 leather armour
rPois   .          Reflect  +   (no helmet)
rElec   .          Harm     .   (no cloak)
rCorr   .          Rampage  .   (no gloves)
Will    .....                   (no boots)
Stlth   ++++......              h - amulet of reflection
HPRegen 0.13/turn               (no ring)
MPRegen 0.09/turn               (no ring)

@: corroded
A: fangs 1, strong nose, distributed training
a: no special abilities


You were on level 4 of the Dungeon.
You visited 1 branch of the dungeon, and saw 2 of its levels.

You collected 21 gold pieces.

Inventory:

Hand Weapons
 a - a +0 short sword (weapon)
Armour
 b - a +0 leather armour (worn)
Jewellery
 h - an amulet of reflection (around neck)
Wands
 g - a wand of digging (3)
Scrolls
 c - a scroll of fog
 d - 2 scrolls of magic mapping
 e - a scroll of fear
Potions
 f - a potion of haste


   Skills:
 + Level 6.6 Fighting
 + Level 4.6 Short Blades
 + Level 1.1 Long Blades
 + Level 1.1 Axes
 + Level 1.1 Maces & Flails
 + Level 1.1 Polearms
 + Level 1.1 Staves
 + Level 1.1 Slings
 + Level 1.1 Bows
 + Level 1.1 Crossbows
 + Level 1.1 Throwing
 + Level 1.1 Armour
 + Level 4.6 Dodging
 + Level 9.6 Stealth
 + Level 1.1 Shields
 + Level 1.1 Unarmed Combat
 + Level 1.1 Spellcasting
 + Level 0.9 Conjurations
 + Level 0.9 Hexes
 + Level 0.9 Summonings
 + Level 0.9 Necromancy
 + Level 0.9 Translocations
 + Level 0.9 Transmutations
 + Level 0.9 Fire Magic
 + Level 0.9 Ice Magic
 + Level 0.9 Air Magic
 + Level 0.9 Earth Magic
 + Level 0.9 Poison Magic
 + Level 1.2 Invocations
 + Level 1.1 Evocations


You had 5 spell levels left.
You didn't know any spells.
Your spell library was empty.

Dungeon Overview and Level Annotations

Branches:
Dungeon (5/15)
 Temple: D:4-7

Altars:


Innate Abilities, Weirdness & Mutations

You have very sharp teeth.
Your uncanny sense of smell can sniff out nearby items.
Your experience applies equally to all skills.


Message History

The jelly barely misses you.
You hit the jelly.
Your hands burn!
The jelly is heavily wounded.
A kobold comes into view. It is wielding a +0 dagger.
The jelly hits you.
You are splashed with acid!
You are too injured to fight recklessly!
You are too injured to fight recklessly!
You are too injured to fight recklessly!
You are too injured to fight recklessly!
You are too injured to fight recklessly!
You are too injured to fight recklessly!
You are too injured to fight recklessly!
You are too injured to fight recklessly!
You are too injured to fight recklessly!
You are too injured to fight recklessly!
You are too injured to fight recklessly!
You are too injured to fight recklessly!
You are too injured to fight recklessly!
You are too injured to fight recklessly!
You are too injured to fight recklessly!
You are too injured to fight recklessly!
You are too injured to fight recklessly!
You are too injured to fight recklessly!
You are too injured to fight recklessly!
You are too injured to fight recklessly!
You are too injured to fight recklessly!
You are too injured to fight recklessly!
You hit the jelly.
Your hands burn!
The jelly is heavily wounded.
You block the jelly's attack. The hound misses you.
You hit the jelly but do no damage.
Your hands burn!
The jelly is heavily wounded.
The hound misses you.
You hit the jelly. The acid corrodes you!
Your hands burn!
* * * LOW HITPOINT WARNING * * *
The jelly is almost dead.
The jelly hits you.
* * * LOW HITPOINT WARNING * * *
The acid corrodes you!
You are splashed with acid!
You die...

#### ###..#
###....#
##.#....#
...#.....>.#
...K..)@...#
.###..hJ...#
##.>....#
#........
............
..............
#.........$..#.
<.......(.....


You could see a hound, a jelly and a kobold.

Vanquished Creatures
  A phantom (D:5)
  A white imp (D:5)
  A goblin (D:4)
3 creatures vanquished.

Notes
Turn   | Place    | Note
-------+----------+-------------------------------------------
     0 | D:5      | Reached skill level 9 in Stealth
     0 | D:5      | DocClef the Gnoll Delver began the quest for the Orb.
     0 | D:5      | Reached XP level 1. HP: 23/23 MP: 1/1
    44 | D:5      | Reached XP level 2. HP: 20/29 MP: 2/2
   114 | D:5      | Noticed a scorpion
   147 | D:5      | Noticed a phantom
   196 | D:5      | Killed a phantom
   197 | D:5      | Reached skill level 1 in Long Blades
   197 | D:5      | Reached skill level 1 in Axes
   197 | D:5      | Reached skill level 1 in Maces & Flails
   197 | D:5      | Reached skill level 1 in Polearms
   197 | D:5      | Reached skill level 1 in Staves
   197 | D:5      | Reached skill level 1 in Slings
   197 | D:5      | Reached skill level 1 in Bows
   197 | D:5      | Reached skill level 1 in Crossbows
   197 | D:5      | Reached skill level 1 in Throwing
   197 | D:5      | Reached skill level 1 in Armour
   197 | D:5      | Reached skill level 1 in Shields
   197 | D:5      | Reached skill level 1 in Unarmed Combat
   197 | D:5      | Reached skill level 1 in Spellcasting
   197 | D:5      | Reached skill level 1 in Invocations
   197 | D:5      | Reached skill level 1 in Evocations
   197 | D:5      | Reached XP level 3. HP: 7/35 MP: 2/4
   197 | D:5      | Reached XP level 4. HP: 9/41 MP: 2/5
   484 | D:4      | Splashed by a jelly's acid

Illustrated notes

Levels and vault maps discovered:
D:4:      nicolae_cairo_tiling_large, layout_cave_pools, kennysheep_orc_chapel
D:5:      layout_gridville

Skill      XL: |  1  2 |
---------------+-------+-----
Stealth        | |  9.6
Long Blades    | 1 |  1.1
Axes           | 1 |  1.1
Maces & Flails | 1 |  1.1
Polearms       | 1 |  1.1
Staves         | 1 |  1.1
Slings         | 1 |  1.1
Bows           | 1 |  1.1
Crossbows      | 1 |  1.1
Throwing       | 1 |  1.1
Armour         | 1 |  1.1
Shields        | 1 |  1.1
Unarmed Combat | 1 |  1.1
Spellcasting   | 1 |  1.1
Invocations    | 1 |  1.2
Evocations     | 1 |  1.1
Fighting       | |  6.6
Short Blades   | |  4.6
Dodging        | |  4.6
Conjurations   | |  0.9
Hexes          | |  0.9
Summonings     | |  0.9
Necromancy     | |  0.9
Translocations | |  0.9
Transmutations | |  0.9
Fire Magic     | |  0.9
Ice Magic      | |  0.9
Air Magic      | |  0.9
Earth Magic    | |  0.9
Poison Magic   | |  0.9

Action                   |  1- 3 |  4- 6 || total
-------------------------+-------+-------++-------
Melee: Short sword       |    49 |     9 ||    58
       Bite              |     5 |     1 ||     6
Armor: Leather armour    |     6 |       ||     6
Dodge: Dodged            |    19 |     5 ||    24
Block: Other             |     7 |     1 ||     8

Table legend: (Time is in decaauts)
 A = Elapsed time spent in this place.
 B = Non-inter-level travel time spent in this place.
 C = Inter-level travel time spent in this place.
 D = Time resting spent in this place.
 E = Time spent auto-exploring this place.
 F = Levels seen in this place.
 G = Mean time per level.
                   A        B        C        D        E       F      G
               +--------+--------+--------+--------+--------+-----+--------+
         Total |    477 |    477 |      0 |    131 |    248 |   2 |  238.5 |
       Dungeon |    477 |    477 |      0 |    131 |    248 |   2 |  238.5 |
               +--------+--------+--------+--------+--------+-----+--------+

Top non-repeatable levels by time:
     D:5: 467 daAuts
     D:4: 9 daAuts
